 Dungeon Crawl Stone Soup version 0.30-a0-1161-g0704695555 (webtiles) character file.

Game seed: 2376006657141011936

132 croobank the Cutter (level 4, -1/33 HPs)
             Began as a Vampire Monk on Apr 27, 2023.
             Killed by divine providence
             ... invoked by an orc priest
              (14 damage)
             ... on level 3 of the Dungeon.
             The game lasted 00:11:56 (2574 turns).

croobank the Cutter (Vampire Monk)                  Turns: 2574, Time: 00:11:57

Health: -1/33      AC:  3    Str: 10    XL:     4   Next: 92%
Magic:  1/4        EV: 14    Int: 14    God:
Gold:   38         SH:  5    Dex: 16    Spells: 2/3 levels left

rFire   . . .        a - +0 short sword
rCold   . . .        d - orb {light}
rNeg    . . .        b - +0 robe
rPois   .            e - +0 helmet
rElec   .            (no cloak)
rCorr   .            (no gloves)
SInv    +            (no boots)
Will    .....        c - amulet of reflection
Stlth   +            (no ring)
HPRegen 0.45/turn    (no ring)
MPRegen 0.09/turn

%: reflection
@: healing quickly, glowing
A: alive, fangs 3, see invisible, vampiric 2, [frail 1]
a: Exsanguinate


You were on level 3 of the Dungeon.
You visited 1 branch of the dungeon, and saw 3 of its levels.

You collected 98 gold pieces.
You spent 60 gold pieces at shops.

Inventory:

Hand Weapons
 a - a +0 short sword (weapon)
 j - a +0 dagger
Armour
 b - a +0 robe (worn)
 d - an orb of light (worn)
 e - a +0 helmet (worn)
 g - a +1 ring mail
Magical Staves
 n - a staff of cold
Jewellery
 c - an amulet of reflection (around neck)
 f - a ring of fire
Scrolls
 h - 2 scrolls of noise
 o - a scroll of fog {unknown}
 q - a scroll of silence {unknown}
Potions
 i - a potion of magic
 k - a potion of flight
 l - a potion of curing {unknown}
 m - a potion of cancellation
 p - a potion of degeneration


   Skills:
 + Level 3.6 Fighting
 + Level 4.5 Short Blades
 + Level 4.4 Dodging


You had 2 spell levels left.
You knew the following spells:

 Your Spells              Type           Power      Damage    Failure   Level
a - Slow                  Hex            0%         N/A       28%         1

Your spell library contained the following spells:

 Spells                   Type           Power      Damage    Failure   Level
 Confusing Touch          Hex            0%         N/A       65%         3
 Vampiric Draining        Necr           0%         2d6       65%         3


Dungeon Overview and Level Annotations

Branches:
Dungeon (3/15)

Altars:

Shops:
D:1 !

Annotations:
D:1 2 runed translucent doors


Innate Abilities, Weirdness & Mutations

Your natural rate of healing is accelerated.
You have razor-sharp teeth.
You have supernaturally acute eyesight. (SInv)
You are afflicted with vampirism and can become a bat while bloodless.
[You are frail. (-10% HP)]


Message History

Okay, then.
Casting: Slow (safe; 28% risk of failure)
Confirm with . or Enter, or press ? or * to list all spells.
Aiming: Slow (safe; 28% risk of failure)
Press: ? - help, Shift-Dir - straight line, f - orc priest
Aim: an orc priest, wielding a +0 hand axe and wearing a +0 ring mail (haloed, chance to affect: 32%)
The orc priest easily resists.
Casting: Slow (safe; 28% risk of failure)
Confirm with . or Enter, or press ? or * to list all spells.
Aiming: Slow (safe; 28% risk of failure)
Press: ? - help, Shift-Dir - straight line, f/p - orc priest
Aim: an orc priest, wielding a +0 hand axe and wearing a +0 ring mail (haloed, chance to affect: 32%)
Okay, then.
Casting: Slow (safe; 28% risk of failure)
Confirm with . or Enter, or press ? or * to list all spells.
Aiming: Slow (safe; 28% risk of failure)
Press: ? - help, Shift-Dir - straight line, f/p - orc priest
Aim: an orc priest, wielding a +0 hand axe and wearing a +0 ring mail (haloed, chance to affect: 32%)
The orc priest seems to slow down.
The orc priest is no longer moving slowly.
You barely miss the orc. The orc barely misses you.
You hit the orc but do no damage.
The orc priest mumbles some strange prayers to Beogh against you.
Beogh smites you!
You hit the orc.
The orc is heavily wounded.
The orc closely misses you.
An orc priest comes into view. It is wielding a +0 dagger.
Casting: Slow (safe; 28% risk of failure)
Confirm with . or Enter, or press ? or * to list all spells.
Aiming: Slow (safe; 28% risk of failure)
Press: ? - help, Shift-Dir - straight line, f/p - orc priest
Aim: an orc priest, wielding a +0 hand axe and wearing a +0 ring mail (haloed, chance to affect: 32%)
The orc seems to slow down.
The orc is no longer moving slowly.
The orc closely misses you.
Okay, then.
An orc comes into view. It is wielding a +0 flail.
The orc priest calls down the wrath of Beogh upon you.
Beogh smites you!
You die...

#.# #.# #. #.#
#...###.#######
#.......o......
########.#####
..........o.o#
########o###.#
.......@..# .o
########..# ## #..#
#..###########
#............#
##.....†.####.#
##...####.#.<#.#
#).#.# ##.#..#.#
######.##†###..#..#.#


You could see an orc priest and 2 orcs.

Vanquished Creatures
  A scorpion (D:1)
  2 adders
  A dart slug (D:1)
  7 bats
  8 endoplasms
  2 goblins (D:2)
  6 hobgoblins
  4 kobolds
  4 quokkas
  6 ball pythons
  4 frilled lizards
  2 rats
47 creatures vanquished.

Vanquished Creatures (others)
  2 plants (D:1)
2 creatures vanquished.

Grand Total: 49 creatures vanquished

Notes
Turn   | Place    | Note
-------+----------+-------------------------------------------
     0 | D:1      | croobank the Vampire Monk began the quest for the Orb.
     0 | D:1      | Reached XP level 1. HP: 17/17 MP: 1/1
    26 | D:1      | Found a large runed translucent door.
    26 | D:1      | Found a large runed translucent door.
   179 | D:1      | Reached XP level 2. HP: 23/23 MP: 2/2
   938 | D:1      | Found Fiul's Distillery.
   944 | D:1      | Bought a potion of heal wounds for 50 gold pieces
   944 | D:1      | Bought a potion of degeneration for 10 gold pieces
  1445 | D:2      | Gained mutation: You are afflicted with vampirism and can
                  | become a bat while bloodless. [Vampire growth]
  1445 | D:2      | Reached XP level 3. HP: 29/29 MP: 3/3
  1451 | D:2      | Noticed a scorpion
  1788 | D:1      | Killed a scorpion
  1789 | D:1      | Reached XP level 4. HP: 13/28 MP: 4/4
  2317 | D:2      | Upgraded the game from 0.30-a0-1160-g6e42c06551 to
                  | 0.30-a0-1161-g0704695555
  2500 | D:3      | Learned a level 1 spell: Slow
  2574 | D:3      | Killed from afar by an orc priest

Illustrated notes

Levels and vault maps discovered:
D:1:      erik_arrival_cave_to_civilisation [erik_arrival_cave_to_temple],
          layout_basic, serial_shops, shop, chequers_big_river,
          minmay_hedge_maze
D:2:      layout_rooms
D:3:      layout_basic, led_sif_pool, shapermc_ecumenical_altar_rom_forum

Skill      XL: |  1  2  3 |
---------------+----------+-----
Fighting       | 3 |  3.6
Short Blades   | 4 |  4.5
Dodging        | 4 |  4.4

Action                     |  1- 3 |  4- 6 || total
---------------------------+-------+-------++-------
  Melee: Short sword       |   100 |    59 ||   159
         Bite              |    15 |     8 ||    23
   Cast: Slow              |       |     5 ||     5
Ability: Exsanguinate      |     1 |       ||     1
         Revivify          |       |     1 ||     1
    Use: Scroll            |     6 |       ||     6
         Potion            |     2 |       ||     2
   Stab: Sleeping          |       |     1 ||     1
 Armour: Robe              |    10 |     9 ||    19
  Dodge: Dodged            |    51 |    61 ||   112
  Block: Orb               |       |    20 ||    20

Table legend: (Time is in decaauts)
 A = Elapsed time spent in this place.
 B = Non-inter-level travel time spent in this place.
 C = Inter-level travel time spent in this place.
 D = Time resting spent in this place.
 E = Time spent auto-exploring this place.
 F = Levels seen in this place.
 G = Mean time per level.
                   A        B        C        D        E       F      G
               +--------+--------+--------+--------+--------+-----+--------+
         Total |   2565 |   2378 |    187 |    551 |   1364 |   3 |  855.0 |
       Dungeon |   2565 |   2378 |    187 |    551 |   1364 |   3 |  855.0 |
               +--------+--------+--------+--------+--------+-----+--------+

Top non-repeatable levels by time:
     D:1: 1765 daAuts
     D:2: 556 daAuts
     D:3: 243 daAuts
